 Dungeon Crawl Stone Soup version 0.19-a0-47-g1fa3c7d (webtiles) character file.

11 AlphabetPasta the Insei (level 2, 0/18 HPs)
             Began as an Octopode Transmuter on May 5, 2016.
             Slain by an adder (2 damage)
             ... on level 1 of the Dungeon.
             The game lasted 00:02:51 (697 turns).

AlphabetPasta the Insei (Octopode Transmuter)        Turns: 697, Time: 00:02:52

Health: 0/18       AC:  1    Str:  9    XL:     2   Next: 29%
Magic:  3/5        EV: 12    Int: 15    God:
Gold:   15         SH:  0    Dex: 12    Spells: 1 memorised, 4 levels left

rFire  . . .     SeeInvis .       - Unarmed
rCold  . . .     Gourm    .     (no shield)
rNeg   . . .     Faith    .     (helmet restricted)
rPois  .         Spirit   .     (no amulet)
rElec  .         Dismiss  .     (no ring)
rCorr  .         Reflect  .     (no ring)
SustAt .         Harm     .     (no ring)
MR     .....                    (no ring)
Stlth  ++........               (no ring)
                                (no ring)
                                (no ring)
                                (no ring)

@: lethally poisoned (0 -> -10), appendage (expiring), very slightly
contaminated, not resistant to hostile enchantments, unstealthy
A: almost no armour, amphibious, 8 rings, constrict 8, tentacle spike 3,
camouflage 1, gelatinous body 1
a: End Transformation


You were on level 1 of the Dungeon.
You were not hungry.
One of your tentacles had a temporary spike.
You visited 1 branch of the dungeon, and saw 1 of its levels.

You collected 15 gold pieces.

Inventory:

Missiles
 a - 12 arrows
Scrolls
 e - a scroll of enchant weapon {unknown}
 f - a scroll of identify {unknown}
Books
 b - a book of Changes

   Spells                             Type                      Level
   a - Beastly Appendage              Transmutation                1
   b - Sticks to Snakes               Transmutation                2
   c - Spider Form                    Transmutation/Poison         3
   d - Ice Form                       Ice/Transmutation            4
   e - Blade Hands                    Transmutation                5
Comestibles
 c - 2 bread rations
 d - 3 chunks of flesh


   Skills:
 + Level 1.5 Fighting
 + Level 2.0 Dodging
 + Level 3.1 Unarmed Combat
 + Level 2.2 Spellcasting
 + Level 2.0 Transmutations


You had 4 spell levels left.
You knew the following spells:

 Your Spells              Type           Power        Failure   Level  Hunger
a - Beastly Appendage     Trmt           #.....       12%         1    #......


Dungeon Overview and Level Annotations

Branches:
Dungeon (1/15)

Altars:


Innate Abilities, Weirdness & Mutations

You cannot wear most types of armour.
You are amphibious.
You can wear up to eight rings at the same time.
You can use your tentacles to constrict eight enemies at once.
Your skin changes colour to match your surroundings (Stealth).
Your rubbery body absorbs attacks (AC +1).
One of your tentacles bears a large vicious spike.


Message History

You extend your transformation's duration.
The adder bites you.
You are poisoned.
The adder poisons you!
You barely miss the adder. You grab the adder.
You constrict the adder, but do no damage.
You feel sick. The adder bites you.
You tentacle-slap the adder.
The adder is lightly wounded.
Your transformation is almost over.
You constrict the adder. The adder bites you.
* * * LOW HITPOINT WARNING * * *
You are more poisoned.
The adder poisons you!
You barely miss the adder. Your squeeze misses the adder.
The adder is lightly wounded.
You constrict the adder.
* * * LOW HITPOINT WARNING * * *
You feel sick. The adder bites you.
You die...

§§..≈§≈# ###.##...#
.......# ##.##..######
#'###### #.##........
'8#8### #####.##........
......###..≈##.#........
.......##..≈≈#.#).######
.......##...≈#.#..# ####
.<.....8(.(.≈+.#..# .....
.......(#.(.≈#.#@.###...
.......##..≈≈#.#S.#...
(.....###..≈##.#..#.#
8(8#### ######.#....#
#(###### #.##....#
.....§.# ##.##....#
..§.§§≈# ###.##.......#
≈≈§§§#####..##...........
#+#####...###..#...#.#...#


You could see an adder.

Vanquished Creatures
  2 goblins (D:1)
  3 hobgoblins (D:1)
  3 kobolds (D:1)
  A bat (D:1)
  A giant newt (D:1)
  A rat (D:1)
11 creatures vanquished.

Notes
Turn   | Place    | Note
--------------------------------------------------------------
     0 | D:1      | AlphabetPasta the Octopode Transmuter began the quest for the Orb.
     0 | D:1      | Reached XP level 1. HP: 13/13 MP: 3/3
   470 | D:1      | Reached XP level 2. HP: 18/18 MP: 3/5
   697 | D:1      | Slain by an adder

Vault maps used:
D:1:      dpeg_arrival_morbid_curiosity, minmay_misc_feat_room

Action                   || total
-------------------------++-------
Melee: Unarmed           ||    27
       Constrict         ||     8
       Kick              ||     3
       Tentacles         ||     2
 Cast: Beastly Appendage ||     6
 Stab: Sleeping          ||     1
Armor: Skin              ||     1
Dodge: Dodged            ||    20
